Map: Kairos Junction LE

Players

Kas

  • Race: Terran Terran
  • League: Grandmaster
  • Spawn Location: 11:00

PtitDrogo - Winner!

  • Race: Protoss Protoss
  • League: Grandmaster
  • Spawn Location: 5:00

Event: 2019 WCS Winter Europe

VOD

Have the link to the VOD?

Description

Time

  • Played on: Feb. 7, 2019, 12:06 p.m.
  • Length: 7:05

All games in this series

Show
View Real Time Build Order
Export as new Build Order

Kas Terran 

Build Orders: Gas First Reaper Expand, Banshee Rush 

Get SALT Encoding   

  12  0:01  SCV  
  13  0:13  SCV  
  14  0:17  Supply Depot  
  14  0:25  SCV  
  14  0:27  Refinery  
  15  0:38  SCV  
  16  0:44  Barracks  
  16  0:50  SCV  
  17  1:03  SCV  
  18  1:15  SCV  
  19  1:31  Reaper, Orbital Command  
  20  1:47  Command Center  
  20  1:56  Factory  
  20  1:57  SCV  
  21  2:06  Barracks Reactor  
  21  2:07  Refinery  
  21  2:10  SCV  
  21  2:15  Supply Depot  
  22  2:22  SCV  
  24  2:37  SCV  
  24  2:40  Factory Tech Lab  
  24  2:44  Marine x2  
  24  2:45  Starport  
  24  2:50  SCV  
  27  3:00  Orbital Command  
  27  3:02  Refinery  
  27  3:03  SCV  
  29  3:07  Cyclone  
  29  3:11  Marine  
  29  3:12  Marine  
  33  3:17  SCV  
  34  3:23  Starport Tech Lab  
  34  3:26  SCV  
  35  3:29  Marine  
  35  3:30  Marine  
  37  3:34  SCV  
  37  3:38  SCV  
  37  3:41  Cloaking Field  
  39  3:45  Banshee  
  39  3:46  Marine  
  39  3:47  SCV  
  39  3:48  Marine  
  45  3:56  Supply Depot  
  45  4:00  Supply Depot  
  45  4:04  Barracks  
  45  4:09  SCV  
  46  4:11  Marine  
  46  4:15  Siege Tank  
  46  4:16  SCV  
  50  4:21  Marine  
  51  4:27  SCV  
  51  4:28  Banshee  
  51  4:29  SCV, Marine  
  57  4:39  Marine  
  57  4:40  SCV  
  57  4:42  SCV  
  60  4:47  Siege Tank, Marine  
  60  4:52  SCV  
  65  4:54  Marine  
  65  4:57  Marine  
  65  4:58  SCV  
  68  5:04  SCV  
  68  5:05  Supply Depot, Marine  
  70  5:26  Banshee  
  73  5:31  Marine x2  
  74  5:39  Supply Depot  
  74  5:40  Marine  
  74  5:41  Siege Tank  
  77  5:49  SCV  
  78  6:00  Barracks Tech Lab  
  78  6:04  Command Center, Supply Depot  
  78  6:05  Marine, Supply Depot  
  78  6:06  SCV  
  78  6:07  Marine  
  78  6:08  SCV  
  82  6:18  SCV, Siege Tank  
  86  6:25  Marine  
  86  6:26  SCV  
  86  6:30  SCV  
  92  6:34  Marine  
Show
View Real Time Build Order
Export as new Build Order

PtitDrogo Protoss - Winner!

Build Orders: 1 Gate Expand, Phoenix Opening, Zealot Archon 

Get SALT Encoding   

  12  0:00  Probe  
  13  0:12  Probe  
  14  0:17  Pylon  
  14  0:24  Probe  
  15  0:32  Probe  
  15  0:37  Gateway  
  15  0:40  Probe  
  16  0:45  Assimilator  
  17  0:51  Probe  
  18  1:03  Probe  
  19  1:15  Probe  
  20  1:21  Nexus  
  20  1:30  Cybernetics Core  
  20  1:38  Assimilator  
  20  1:39  Probe  
  21  1:46  Pylon  
  22  1:54  Probe  
  22  1:56  Stalker  
  22  2:06  Warp Gate, Probe  
  25  2:18  Probe  
  26  2:26  Sentry  
  26  2:28  Probe  
  26  2:29  Probe  
  28  2:36  Probe  
  30  2:37  Probe  
  30  2:42  Robotics Facility  
  32  2:46  Probe  
  32  2:47  Probe  
  34  2:52  Stalker  
  34  2:58  Probe  
  37  2:59  Probe  
  37  3:00  Phoenix  
  37  3:04  Gateway  
  38  3:07  Gateway  
  38  3:09  Probe  
  38  3:10  Probe  
  40  3:17  Probe, Pylon  
  40  3:22  Probe  
  40  3:24  Observer  
  40  3:25  Probe  
  42  3:32  Pylon  
  44  3:34  Probe  
  44  3:38  Assimilator, Probe  
  44  3:40  Assimilator  
  44  3:41  Observer  
  46  3:46  Probe  
  48  3:50  Probe  
  48  3:54  Shield Battery  
  49  3:58  Shield Battery  
  49  4:00  Twilight Council  
  49  4:02  Forge, Probe  
  50  4:05  Stalker  
  50  4:06  Observer  
  50  4:07  Probe  
  54  4:14  Stalker, Probe  
  57  4:19  Stalker, Protoss Ground Armor Level 1  
  59  4:29  Charge  
  59  4:30  Gateway  
  59  4:33  Gateway  
  58  4:41  Gateway  
  58  4:46  Probe x2  
  58  4:48  Gateway  
  60  4:54  Templar Archives  
  60  4:59  Gateway  
  60  5:01  Pylon  
  60  5:07  Pylon  
  60  5:15  Stalker  
  62  5:25  Zealot  
  62  5:26  Zealot x2  
  62  5:27  Zealot  
  70  5:34  Warp Prism  
  70  5:39  Probe  
  70  5:40  Probe  
  73  5:55  High Templar x2  
  77  5:58  Pylon  
  77  5:59  Pylon  
  77  6:00  Nexus  
  77  6:01  Pylon  
  77  6:02  Archon  
  77  6:18  Probe  
  78  6:19  Pylon  
  77  6:26  High Templar x4  
  77  6:27  Zealot x3  
  77  6:28  Zealot  
  77  6:31  Archon x2  
Tags
 
Add a new tag
Caveats
  • Supply blocks, unpowered buildings, or Contaminate may cause inaccurate times.
  • Supply counts are checked every 10 seconds.